AoeStats
← Drovka

Arabia

507890259Analyzed
4v4 RM · 10d ago on Sep 20, 2026· 32m 36s· 8 players
Game mode
Random Map
Map size
Large (8 player)
Population
200
Speed
Normal
Resources
Standard
Victory
Conquest
Starting age
Dark Age
Ending age
Imperial Age
RankedLock teamsTeams togetherTeam positionsShared explorationLock speedFull tech treeHidden civsTurbo modeCheats
Victory
Defeat
🇨🇴 Koreans · Colombia
1327
+16
🇲🇽 Chinese · Mexico
1309
+17
🇨🇴 Khitans · Colombia
1264
+18
🇨🇴 Burgundians · Colombia
1235
+19
🇹🇼 Britons · Taiwan
1416
-22
🇹🇼 Magyars · Taiwan
1360
-19
🇹🇼 Ethiopians · Taiwan
1261
-15
🇹🇼 Franks · Taiwan
1236
-14
小小財
5:09 Loom
9:08 Feudal Age
9:49 Double-Bit Axe
16:41 Horse Collar
19:00 Scale Barding Armor
28:42 Castle Age
27:37 Bloodlines
28:57 Light Cavalry
29:38 Husbandry
31:49 Chain Barding Armor
安息吧包子
7:00 Loom
10:25 Feudal Age
11:10 Double-Bit Axe
17:47 Scale Barding Armor
18:29 Forging
28:55 Castle Age
28:19 Gold Mining
29:49 Husbandry
32:24 Chain Barding Armor
GARCIA1979
6:34 Loom
8:41 Feudal Age
9:30 Double-Bit Axe
13:18 Fletching
18:04 Padded Archer Armor
22:03 Horse Collar
28:09 Castle Age
28:35 Crossbowman
andyz070300
6:31 Loom
9:45 Feudal Age
12:14 Fletching
18:16 Gold Mining
20:18 Horse Collar
24:36 Castle Age
24:45 Crossbowman
26:56 Double-Bit Axe
28:03 Bow Saw
rakz
0:27 Loom
11:58 Feudal Age
27:25 Castle Age
26:14 Padded Archer Armor
27:06 Fletching
27:45 Double-Bit Axe
27:34 Elite Skirmisher
31:08 Crossbowman
johnmaestre1
6:28 Loom
9:31 Feudal Age
13:05 Fletching
26:31 Castle Age
25:03 Double-Bit Axe
26:36 Crossbowman
28:04 Bodkin Arrow
28:45 Wheelbarrow
28:40 Bow Saw
28:39 Horse Collar
31:13 Stone Mining
31:15 Gold Mining
MZTK | John_Wick
7:25 Loom
9:56 Feudal Age
12:08 Forging
14:19 Scale Barding Armor
19:57 Domestication
21:46 Double-Bit Axe
26:33 Castle Age
25:20 Town Watch
27:48 Iron Casting
26:37 Light Cavalry
28:48 Chain Barding Armor
32:22 Husbandry
Drovka
4:12 Loom
10:56 Feudal Age
12:20 Double-Bit Axe
12:16 Horse Collar
17:29 Scale Barding Armor
20:44 Forging
22:23 Wheelbarrow
24:33 Town Watch
27:41 Castle Age
25:47 Gold Mining
25:58 Heavy Plow
26:09 Bow Saw
28:32 Gold Shaft Mining
27:44 Light Cavalry
27:45 Cavalier
30:09 Chain Barding Armor
Connection lost

Rejoining the realm…

Still unreachable

The connection could not be restored.

Session expired

The server has moved on; the page needs a fresh start.